 Dungeon Crawl Stone Soup version 0.30.1-4-g462c640d31 (webtiles) character file.

Game seed: 16717726453564455888

81322 Destapler the Fencer (level 15, -5/141 HPs)
             Began as a Minotaur Fighter on Aug 16, 2023.
             Was the Champion of Lugonu.
             Killed from afar by a deep elf zephyrmancer (9 damage)
             ... with a bolt of lightning
             ... on level 2 of the Elven Halls.
             The game lasted 01:25:53 (21711 turns).

Destapler the Fencer (Minotaur Fighter)            Turns: 21711, Time: 01:25:54

Health: -5/141     AC: 20    Str: 25    XL:     15   Next: 26%
Magic:  19/19      EV: 17    Int:  7    God:    Lugonu [******]
Gold:   902        SH:  0    Dex: 13    Spells: 14/14 levels left

rFire   + + +        a - +9 demon blade of the Forsaken Allies {drain, rElec rF+}
rCold   + + +        Q - +0 kite shield
rNeg    . . .        H - +3 chain mail {rF+}
rPois   +            (helmet unavailable)
rElec   +            (no cloak)
rCorr   +            k - +0 pair of gloves
SInv    +            s - +1 pair of boots
Will    +++..        K - amulet "Guathruxy" {Reflect rPois rC+ SH+5} Stlth
                     j - ring of the Ancient Xalams {rC+ Str-2 Dex+4 SInv}
HPRegen 0.43/turn    L - +5 ring of evasion
MPRegen 0.16/turn

%: reflection
@: confused, resistant, ambrosia-drunk, studying Armour
A: horns 3, retaliatory headbutt, low MP 1, strong-willed 2
a: Renounce Religion, Depart the Abyss, Banish, Corrupt, Enter the Abyss, Brand
Weapon With Distortion


You were on level 2 of the Elven Halls.
You worshipped Lugonu.
Lugonu was exalted by your worship.
You visited 4 branches of the dungeon, and saw 20 of its levels.
You also visited: Ossuary, Bailey and Volcano.

You collected 2281 gold pieces.
You spent 1379 gold pieces at shops.

Inventory:

Hand Weapons
 a - the +9 demon blade of the Forsaken Allies (weapon) {drain, rElec rF+}
   (You acquired it on level 4 of the Lair of Beasts)

   rF:        It protects you from fire.
   rElec:     It insulates you from electricity.
 b - the +8 demon blade of the Hammering Viper {flame, rPois Will+ Str+2 Stlth+}
   (You acquired it on level 8 of the Dungeon)

   Str:       It affects your strength (+2).
   rPois:     It protects you from poison.
   Will:      It increases your willpower.
   Stlth:     It makes you more stealthy.
Missiles
 E - 18 boomerangs
 F - 23 poisoned darts
 P - 5 silver javelins
Armour
 k - a +0 pair of gloves (worn)
 s - a +1 pair of boots (worn)
 H - a +3 chain mail of fire resistance (worn)
 M - +3 acid dragon scales
 Q - a +0 kite shield (worn)
Jewellery
 f - a +4 ring of protection
 h - an amulet of reflection
 j - the ring of the Ancient Xalams (left hand) {rC+ Str-2 Dex+4 SInv}
   (You took it off a goblin on level 2 of the Dungeon)

   [ring of protection from cold]

   Str:       It affects your strength (-2).
   Dex:       It affects your dexterity (+4).
   rC:        It protects you from cold.
   SInv:      It lets you see invisible.
 K - the amulet "Guathruxy" (around neck) {Reflect rPois rC+ SH+5}
   (You bought it in a shop on level 2 of the Orcish Mines)

   [amulet of reflection]

   It reflects blocked missile attacks.
   rC:        It protects you from cold.
   rPois:     It protects you from poison.
   SH:        It affects your SH (+5).
 L - a +5 ring of evasion (right hand)
Wands
 d - a wand of quicksilver (11)
 D - a wand of flame (7) (quivered)
 J - a wand of mindburst (12)
 N - a wand of polymorph (3)
 T - a wand of iceblast (3)
Scrolls
 c - a scroll of fear
 l - 4 scrolls of magic mapping
 m - 2 scrolls of enchant armour
 n - a scroll of silence
 o - 3 scrolls of torment
 p - 8 scrolls of teleportation
 q - 8 scrolls of enchant weapon
 u - 5 scrolls of poison
 v - 2 scrolls of blinking
 y - a scroll of fog
 G - a scroll of vulnerability
 I - a scroll of summoning
 R - a scroll of identify
Potions
 e - 11 potions of curing
 g - 3 potions of mutation
 i - 4 potions of flight
 r - 3 potions of cancellation
 t - 2 potions of haste
 w - 5 potions of magic
 x - 2 potions of heal wounds
 z - a potion of invisibility
 B - a potion of lignification
 O - 3 potions of ambrosia
Miscellaneous
 A - a phantom mirror


   Skills:
 + Level 15.0 Fighting
 - Level 16.0 Long Blades
 - Level 6.0 Throwing
 - Level 14.0 Armour
 - Level 9.0 Dodging
 - Level 8.0 Stealth
 - Level 10.0 Shields
 - Level 10.0 Invocations
 - Level 6.0 Evocations


You had 14 spell levels left.
You didn't know any spells.
Your spell library contained the following spells:

 Spells                   Type           Power      Damage    Failure   Level
 Freeze                   Ice            0%         1d3       95%         1
 Magic Dart               Conj           0%         1d3       95%         1
 Shock                    Conj/Air       0%         1d3       95%         1
 Slow                     Hex            0%         N/A       95%         1
 Call Imp                 Summ           0%         N/A       99%         2
 Lesser Beckoning         Tloc           0%         N/A       99%         2
 Confusing Touch          Hex            0%         N/A       100%        3
 Frozen Ramparts          Ice            0%         1d1       100%        3
 Gell's Gravitas          Tloc           0%         N/A       100%        3
 Hailstorm                Conj/Ice       0%         3d3       100%        3
 Mephitic Cloud           Conj/Pois/Air  0%         N/A       100%        3
 Stone Arrow              Conj/Erth      0%         3d7       100%        3
 Teleport Other           Tloc           0%         N/A       100%        3
 Vampiric Draining        Necr           0%         2d6       100%        3
 Animate Armour           Summ/Erth      0%         N/A       100%        4
 Ice Form                 Ice/Tmut       0%         N/A       100%        4
 Leda's Liquefaction      Hex/Erth       0%         N/A       100%        4
 Manifold Assault         Tloc           0%         N/A       100%        4
 Summon Ice Beast         Ice/Summ       0%         N/A       100%        4
 Summon Lightning Spire   Summ/Air       0%         N/A       100%        4
 Lee's Rapid Deconstruct  Erth           0%         3d4*      100%        5
 Dispersal                Tloc           0%         N/A       100%        6
 Statue Form              Tmut/Erth      0%         N/A       100%        6
 Disjunction              Tloc           0%         N/A       100%        8
 Lehudib's Crystal Spear  Conj/Erth      0%         10d2      100%        8


Dungeon Overview and Level Annotations

Branches:
Dungeon (11/15)            Temple (0/1) D:4            Lair (5/5) D:10
 Shoals (0/4) Lair:2       Spider (0/4) Lair:2        Slime (0/5) Lair:5
    Orc (2/2) D:11            Elf (1/3) Orc:2       Ossuary (visited)
 Bailey (visited)         Volcano (visited)

Altars:
Dithmenos
Elyvilon
Fedhas
Kikubaaqudgha
Makhleb
Trog
Wu Jian
Xom
Yredelemnul
Zin
Jiyva
Lugonu

Shops:
D:2 =!   Orc:1 (=[*   Orc:2 =(([:

Annotations:
Lair:1 1 runed translucent door
Elf:1 Roxanne


Innate Abilities, Weirdness & Mutations

You have a pair of large horns on your head.
You reflexively headbutt those who attack you in melee.
Your magical capacity is low. (-10% MP)
You are highly strong-willed. (Will++)


Message History

A deep elf zephyrmancer comes into view.
It is wielding a +0 short sword.
The deep elf zephyrmancer gestures at you while chanting.
The bolt of lightning hits you. You resist.
* * * LOW HITPOINT WARNING * * *
The deep elf zephyrmancer casts a spell at you.
The bolt of lightning hits the +4 scimitar of protection.
The +4 scimitar of protection completely resists.
The bolt of lightning hits you. You resist.
* * * LOW HITPOINT WARNING * * *
A deep elf zephyrmancer comes into view.
It is wielding a +0 long sword.
You hear a shout!
Your Fighting skill increases to level 15!
You are confused.
You feel invigorated.
The deep elf zephyrmancer gestures at you while chanting.
The bolt of lightning misses you.
The deep elf zephyrmancer casts a spell at you.
The bolt of lightning hits you. You resist.
* * * LOW HITPOINT WARNING * * *
A +2 short sword of venom comes into view.
The +4 scimitar of protection hits you but does no damage.
The deep elf zephyrmancer casts a spell at you.
The bolt of lightning misses you.
A deep elf pyromancer comes into view. It is wielding a +0 rapier.
A deep elf knight comes into view.
You hear a shout! x2
The +4 scimitar of protection completely misses you.
The deep elf knight gestures wildly while chanting.
The deep elf knight flickers and vanishes for a moment.
The deep elf zephyrmancer hits you but does no damage.
Unknown command.
The +4 scimitar of protection hits you!
* * * LOW HITPOINT WARNING * * *
The +4 scimitar of protection hits you.
* * * LOW HITPOINT WARNING * * *
The deep elf zephyrmancer mumbles some strange words.
The deep elf zephyrmancer blinks!
The deep elf zephyrmancer casts a spell at you.
The bolt of lightning hits you! You resist.
You die...

.....### #......##
#.......#
##.......##
##.........###
.......(.....##
e.............#
......).......##
....§.(@.......###
.e.....e...e......
............e.e...
..................
...........###....
..........## ...
..........# ..
.........## .
......###


You could see a deep elf knight (invisible), a deep elf pyromancer, 4 deep elf
zephyrmancers and 2 dancing weapons.

Vanquished Creatures
  Frances (Elf:1)
  Snorg (Orc:2)
  Josephine (D:11)
  Harold (D:11)
  6 hydras
  2 two-headed ogres (D:11)
  A centaur warrior (D:11)
  6 death yaks (Lair:5)
  A boulder beetle (Orc:1)
  6 dancing weapons
  3 orc high priests (Orc:2)
  A deep elf knight (Elf:1)
  2 skysharks (Lair:5)
  2 skeletal warriors (Volcano)
  Lodul (D:11)
  3 deep elf archers (Elf:1)
  An anaconda skeleton (Volcano)
  6 deep elf zephyrmancers
  8 orc knights
  11 deep elf pyromancers
  4 orc sorcerers (Orc:2)
  An ugly thing (D:11)
  6 oklob plants (Lair:5)
  A wolf spider (Lair:5)
  6 elephants (Lair:4)
  A manticore (D:11)
  Maurice (D:11)
  A guardian serpent (Lair:5)
  9 black mambas
  3 gargoyles (Volcano)
  Maggie (Lair:1)
  5 komodo dragons
  3 rime drakes
  15 cane toads
  2 trolls
  A polar bear (Lair:5)
  A hornet (shapeshifter) (Elf:1)
  A harpy skeleton (Volcano)
  5 hornets
  8 blink frogs (Lair:4)
  5 dream sheep (Lair:5)
  3 flying skulls (Volcano)
  An alligator skeleton (Volcano)
  5 wraiths (D:11)
  3 fire bats (Lair:3)
  20 wyverns
  A shadow (D:9)
  A water elemental (Elf:1)
  20 yaks
  2 basilisks
  2 steam dragons
  4 redbacks
  4 wargs
  An acid dragon (D:11)
  14 water moccasins
  Duvessa (D:7)
  24 orc warriors
  3 black bears
  A sky beast (D:6)
  2 ice beasts
  8 centaurs
  6 wolves
  12 ogres
  A gnoll sergeant (D:10)
  8 bullfrogs
  A scorpion (D:6)
  A wight (D:6)
  Dowan (D:7)
  4 killer bees
  2 electric eels
  A howler monkey (D:5)
  A spriggan skeleton (Volcano)
  A troll skeleton (Volcano)
  A crimson imp (D:10)
  5 centaur zombies (Ossuary)
  4 jellies
  2 hounds
  13 orc priests
  4 gnoll boudas
  5 iguanas
  A sleepcap (D:6)
  22 orc wizards
  5 mummies (Ossuary)
  14 gnolls
  7 adders
  4 white imps
  A dart slug (D:1)
  2 worms
  77 orcs
  7 endoplasms
  3 giant cockroaches
  10 goblins
  9 hobgoblins
  7 jackals
  4 quokkas
  7 ball pythons
  5 bats
  2 frilled lizards (D:1)
  5 kobolds
  7 rats
  A butterfly (Lair:5)
537 creatures vanquished.

Vanquished Creatures (collateral kills)
  An orc warlord (Orc:2)
  A troll (Orc:2)
  An orc (Orc:2)
3 creatures vanquished.

Grand Total: 540 creatures vanquished

Notes
Turn   | Place    | Note
-------+----------+-------------------------------------------
     0 | D:1      | Destapler the Minotaur Fighter began the quest for the Orb.
     0 | D:1      | Reached XP level 1. HP: 19/19 MP: 0/0
   122 | D:1      | Reached XP level 2. HP: 27/27 MP: 1/1
   500 | D:1      | Reached skill level 3 in Long Blades
   581 | D:1      | Reached XP level 3. HP: 33/33 MP: 2/2
   669 | D:1      | Found a faded altar of an unknown god.
   688 | D:1      | Prayed at the altar of an unknown god.
   688 | D:1      | Became a worshipper of Lugonu the Unformed
   688 | D:1      | Reached * piety under Lugonu
  1007 | D:1      | Gained mutation: You are clumsy. (Dex -2) [potion of
                  | mutation]
  1007 | D:1      | Gained mutation: You are partially covered in iridescent
                  | scales. (AC +2) [potion of mutation]
  1007 | D:1      | Gained mutation: You are robust. (+10% HP) [potion of
                  | mutation]
  1110 | D:2      | Found Fury's Distillery.
  1118 | D:2      | Bought a potion of curing for 30 gold pieces
  1223 | D:2      | Identified the ring of the Ancient Xalams {rC+ Str-2 Dex+4
                  | SInv}
  1313 | D:2      | Found Piagg's One-of-a-Kind Rings.
  1392 | D:2      | Reached XP level 4. HP: 44/44 MP: 3/3
  1575 | D:3      | Reached ** piety under Lugonu
  1663 | D:3      | Reached skill level 1 in Dodging
  1995 | D:4      | Reached skill level 1 in Invocations
  1995 | D:4      | Reached XP level 5. HP: 51/51 MP: 4/4
  1996 | D:4      | Found an ancient bone altar of Kikubaaqudgha.
  2018 | D:4      | Found a staircase to the Ecumenical Temple.
  2302 | D:4      | Found a basalt altar of Yredelemnul.
  2778 | D:5      | Entered Level 5 of the Dungeon
  2808 | D:5      | Reached XP level 6. HP: 60/60 MP: 6/6
  2876 | D:5      | Found a shadowy altar of Dithmenos.
  2902 | D:5      | Reached skill level 4 in Long Blades
  3026 | D:5      | Reached skill level 5 in Fighting
  3026 | D:5      | Reached skill level 5 in Armour
  3108 | D:5      | Reached skill level 5 in Shields
  3689 | D:6      | Reached XP level 7. HP: 51/67 MP: 7/7
  3798 | D:6      | Reached *** piety under Lugonu
  3814 | D:6      | Reached XP level 8. HP: 56/77 MP: 9/9
  3879 | D:6      | Found a sand-covered staircase.
  3886 | Ossuary  | Entered an ossuary
  4003 | Ossuary  | Reached skill level 1 in Stealth
  4315 | D:6      | Identified the +1 ring mail "Jobiadgh" {-Cast Harm +Blink
                  | Regen+}
  4665 | D:6      | Found an ornate altar of the Wu Jian Council.
  5121 | D:7      | Reached skill level 5 in Dodging
  5213 | D:7      | Reached skill level 5 in Invocations
  5246 | D:7      | Noticed Duvessa
  5246 | D:7      | Noticed Dowan
  5251 | D:7      | Killed Dowan
  5255 | D:7      | Killed Duvessa
  5272 | D:7      | Reached XP level 9. HP: 69/86 MP: 11/11
  6573 | D:8      | Reached **** piety under Lugonu
  6717 | D:8      | Found a blossoming altar of Fedhas.
  6725 | D:8      | Found a white marble altar of Elyvilon.
  7009 | D:8      | Reached skill level 1 in Throwing
  7009 | D:8      | Reached skill level 1 in Evocations
  7184 | D:8      | Found a glowing silver altar of Zin.
  7358 | D:8      | Identified a scroll of acquirement
  7358 | D:8      | Acquired the +8 demon blade of the Hammering Viper {flame,
                  | rPois Will+ Str+2 Stlth+}
  7517 | D:9      | Reached skill level 5 in Long Blades
  8038 | D:9      | Reached XP level 10. HP: 99/99 MP: 13/13
  8367 | D:10     | Entered Level 10 of the Dungeon
  8380 | D:10     | Found a flagged portal.
  8401 | D:10     | Reached skill level 6 in Long Blades
  8422 | Bailey   | Entered a bailey
  8621 | Bailey   | Reached ***** piety under Lugonu
  8624 | Bailey   | Noticed an orc knight
  8661 | Bailey   | Killed an orc knight
  8708 | Bailey   | Noticed an orc knight
  8751 | Bailey   | Reached skill level 11 in Long Blades
  8751 | Bailey   | Reached XP level 11. HP: 71/112 MP: 15/15
  8757 | Bailey   | Killed an orc knight
  9427 | D:10     | Found a staircase to the Lair.
  9456 | D:10     | Found a shimmering altar of Xom.
  9456 | D:10     | Found a burning altar of Makhleb.
  9541 | Lair:1   | Entered Level 1 of the Lair of Beasts
  9686 | Lair:1   | Reached skill level 12 in Long Blades
  9926 | Lair:1   | Noticed a seven-headed hydra
  9932 | Lair:1   | Killed a four-headed hydra
 10071 | Lair:1   | Noticed Maggie
 10081 | Lair:1   | Killed Maggie
 10082 | Lair:1   | Reached skill level 13 in Long Blades
 10399 | Lair:1   | Reached XP level 12. HP: 106/121 MP: 17/17
 10583 | Lair:1   | Noticed a dire elephant
 10583 | Lair:1   | Noticed a dire elephant
 10603 | Lair:1   | Found a runed translucent door.
 10865 | Lair:2   | Found a hole to the Spider Nest.
 10986 | Lair:2   | Found a staircase to the Shoals.
 11741 | Lair:2   | Noticed a four-headed hydra
 11752 | Lair:2   | Killed a one-headed hydra
 12050 | Lair:3   | Noticed an eight-headed hydra
 12061 | Lair:3   | Killed a three-headed hydra
 12185 | Lair:3   | Reached skill level 14 in Long Blades
 12196 | Lair:3   | Found a dark tunnel.
 12263 | Volcano  | Entered a volcano
 12313 | Volcano  | Reached skill level 5 in Evocations
 12783 | Lair:3   | Reached skill level 10 in Invocations
 12862 | Lair:3   | Found the +4 robe of Folly {Brill Will-∞ Int+8}
 12941 | Lair:3   | Got the Vellum of Nephomancy and the Scorpion
 12970 | Lair:3   | Found a bloodstained altar of Trog.
 13527 | Lair:4   | Acquired a manual of Armour
 13726 | Lair:4   | Acquired the +9 demon blade of the Forsaken Allies {drain,
                  | rElec rF+}
 13728 | Lair:4   | Lost mutation: You are robust. (+10% HP) [potion of
                  | mutation]
 13728 | Lair:4   | Lost mutation: You are partially covered in iridescent
                  | scales. (AC +2) [potion of mutation]
 13728 | Lair:4   | Gained mutation: Your spells are a little harder to cast,
                  | but a little more powerful. [potion of mutation]
 13728 | Lair:4   | Gained mutation: You have large cloven feet. [potion of
                  | mutation]
 13729 | Lair:4   | Lost mutation: You are clumsy. (Dex -2) [potion of
                  | mutation]
 13729 | Lair:4   | Lost mutation: You have large cloven feet. [potion of
                  | mutation]
 13729 | Lair:4   | Lost mutation: Your spells are a little harder to cast, but
                  | a little more powerful. [potion of mutation]
 13729 | Lair:4   | Gained mutation: Your magical capacity is low. (-10% MP)
                  | [potion of mutation]
 13729 | Lair:4   | Gained mutation: You have a pair of large horns on your
                  | head. [potion of mutation]
 13729 | Lair:4   | Gained mutation: You are strong-willed. (Will+) [potion of
                  | mutation]
 13729 | Lair:4   | Gained mutation: You are highly strong-willed. (Will++)
                  | [potion of mutation]
 13917 | Lair:4   | Reached XP level 13. HP: 118/118 MP: 17/17
 14416 | Lair:5   | Entered Level 5 of the Lair of Beasts
 14462 | Lair:5   | Reached skill level 5 in Throwing
 14663 | Lair:5   | Reached skill level 5 in Stealth
 15281 | Lair:5   | Reached ****** piety under Lugonu
 15319 | Lair:5   | Identified the +4 dire flail of a wizard's laboratory
                  | {vamp, Drain rElec rPois Dex+3}
 15769 | Lair:5   | Found a staircase to the Slime Pits.
 15770 | Lair:5   | Found a viscous altar of Jiyva.
 16053 | Lair:5   | Reached skill level 10 in Armour
 16053 | Lair:5   | Reached XP level 14. HP: 68/129 MP: 18/18
 16374 | Lair:5   | Reached skill level 15 in Long Blades
 17175 | D:11     | Noticed Harold
 17186 | D:11     | Killed Harold
 17235 | D:11     | Noticed Josephine
 17249 | D:11     | Killed Josephine
 17642 | D:11     | Noticed Lodul
 17667 | D:11     | Killed Lodul
 17796 | D:11     | Found a staircase to the Orcish Mines.
 17881 | D:11     | Noticed Maurice
 17886 | D:11     | Killed Maurice
 18071 | Orc:1    | Entered Level 1 of the Orcish Mines
 18132 | Orc:1    | Found Ucrakuot's Armour Boutique.
 18163 | Orc:1    | Found Paemen's General Store.
 18338 | Orc:1    | Found a transporter.
 18342 | Orc:1    | Found Pebin's Jewellery Emporium.
 18364 | Orc:1    | Found Rawameb's Weapon Boutique.
 18459 | Orc:1    | Found a transporter.
 18637 | Orc:1    | Bought an amulet of reflection for 540 gold pieces
 18662 | Orc:2    | Entered Level 2 of the Orcish Mines
 18875 | Orc:2    | Found a staircase to the Elven Halls.
 19029 | Orc:2    | Noticed an orc warlord
 19035 | Orc:2    | Killed an orc warlord
 19055 | Orc:2    | Noticed Snorg
 19087 | Orc:2    | Killed Snorg
 19391 | Orc:2    | Found Syeda's Vocational Training.
 20395 | Orc:2    | Found Fucassit's Antique Weapon Shoppe.
 20395 | Orc:2    | Found Xibiqec's Antique Armour Boutique.
 20397 | Orc:2    | Found Bitzo's Jewellery Shoppe.
 20397 | Orc:2    | Found Bassiel's Weapon Boutique.
 20415 | Orc:2    | Bought the amulet "Guathruxy" {Reflect rPois rC+ SH+5} for
                  | 674 gold pieces
 20423 | Orc:2    | Bought a kite shield for 135 gold pieces
 20465 | Elf:1    | Entered Level 1 of the Elven Halls
 20502 | Elf:1    | Reached skill level 10 in Shields
 21102 | Elf:1    | Reached XP level 15. HP: 124/138 MP: 19/19
 21112 | Elf:1    | Reached skill level 16 in Long Blades
 21389 | Elf:1    | Noticed Frances
 21409 | Elf:1    | Killed Frances
 21657 | Elf:1    | Identified Roxanne's Handbook of Orogeny
 21657 | Elf:1    | Noticed Roxanne
 21680 | Elf:1    | You fall into a shaft and drop 1 floor!
 21703 | Elf:2    | HP: 3/139 [deep elf zephyrmancer/bolt of lightning (8)]
 21708 | Elf:2    | Reached skill level 15 in Fighting
 21708 | Elf:2    | HP: 1/141 [deep elf zephyrmancer/bolt of lightning (6)]
 21711 | Elf:2    | Killed from afar by a deep elf zephyrmancer

Illustrated notes

Levels and vault maps discovered:
D:1:      zelgadis_glass_arrival_small, layout_loops_cross, serial_rivers,
          chequers_serial_rivers_small_3, chequers_serial_rivers_small_b,
          chequers_serial_rivers_micro_b, chequers_serial_rivers_small_a,
          shapermc_ecumenical_altar_ellora
D:2:      layout_rooms, serial_shops, nicolae_shop_industrial_runoff,
          nicolae_shop_unique_rings
D:3:      layout_basic
D:4:      layout_basic, kiku_gazebo_pond_becter, nicolae_overflow_hidden_temple,
          minmay_temple_entry_grid
D:5:      layout_layer_cave, grunt_dithmenos_smoke,
          chequers_serial_rivers_small_3, minivault_4
D:6:      layout_loops_ring, general_overflow_altar,
          nicolae_ossuary_entry_monument
D:7:      layout_loops_ring, minmay_between, uniq_duvessa
D:8:      layout_loops_cross, zin_scriptorium, jmf_multi_god_temple,
          minmay_misc_feat_pillars
D:9:      layout_basic
D:10:     layout_loops_ring, grunt_temple_overflow_champion_of_chaos,
          lair_entry_dummy, enter_bailey_3, hangedman_decor_slide_cut
D:11:     layout_loops_corners, orc_0_dummy, uniq_harold, uniq_josephine,
          uniq_maurice, uniq_lodul
Lair:1:   gammafunk_lair_enchanted_lake, layout_gridlike,
          nicolae_quartered_pool_little, lemuel_fruit_tree, uniq_maggie
Lair:2:   layout_hall_layers, elwin_shoals_entry_rocks, spider_nest_entry_a,
          infiniplex_staircase_pool_2
Lair:3:   layout_loops_ring, nicolae_volcano_entry_batcave, basic_altar,
          dreamdust_deal_with_the_devil
Lair:4:   layout_big_grid, serial_bayou_shore_a
Lair:5:   hangedman_lair_tendril_chambers, layout_loops_ring,
          minmay_slime_entry_oklob_open, lemuel_fruit_fields
Orc:1:    layout_caves, serial_shops, nicolae_shop_drivethru,
          nicolae_shop_statue_plus, nicolae_shop_back_alley_shop,
          nicolae_shop_trees, rock_pile
Orc:2:    grunt_orc_tribal_feast, layout_diamond_mine, nicolae_shop_vocational,
          uniq_snorg
Elf:1:    elf_arrival_001, layout_loops_corners, minmay_elf_sorcery,
          hangedman_glass_teeth, uniq_roxanne, uniq_frances
Elf:2:    nicolae_elf_blades_crystal_corner, layout_loops_corners, uniq_zenata

Skill      XL: |  1  2  3  4  5  6  7  8  9 10 11 12 13 14 15 |
---------------+----------------------------------------------+-----
Armour         | 4 5 6 10 12 14 | 14.0
Shields        | 4 5 6 8 10 | 10.0
Fighting       | 4 5 6 7 8 11 12 13 14 15 | 15.0
Long Blades    | 3 4 5 11 13 14 15 16 | 16.0
Dodging        | 1 2 3 4 5 6 7 9 |  9.0
Invocations    | 1 2 3 5 6 7 8 10 | 10.0
Stealth        | 2 4 5 7 8 |  8.0
Throwing       | 2 3 4 6 |  6.0
Evocations     | 2 3 4 6 |  6.0

Action                     |  1- 3 |  4- 6 |  7- 9 | 10-12 | 13-15 || total
---------------------------+-------+-------+-------+-------+-------++-------
  Melee: Long sword        |    32 |       |       |       |       ||    32
         Short sword       |    64 |   162 |   279 |       |       ||   505
         Headbutt          |     9 |    24 |    79 |    80 |   171 ||   363
         Demon blade       |       |       |    44 |   383 |   770 ||  1197
  Throw: Dart              |       |       |     4 |     6 |       ||    10
 Invoke: Banish            |       |       |       |       |     1 ||     1
  Evoke: Wand              |       |       |       |       |    33 ||    33
         Phantom mirror    |       |       |       |       |     1 ||     1
    Use: Scroll            |     3 |     2 |    13 |     7 |     4 ||    29
         Potion            |     3 |       |     2 |     6 |    11 ||    22
   Stab: Sleeping          |       |       |       |     6 |     1 ||     7
         Invisible         |       |       |       |       |     6 ||     6
         Distracted        |       |       |       |       |     1 ||     1
 Armour: Scale mail        |    40 |    73 |   135 |       |       ||   248
         Plate armour      |       |       |   112 |   100 |       ||   212
         Acid dragon scale |       |       |       |    25 |     6 ||    31
         Chain mail        |       |       |       |    19 |   178 ||   197
         Skin              |       |       |       |       |    14 ||    14
  Dodge: Dodged            |    39 |    48 |   177 |   187 |   431 ||   882
  Block: Buckler           |    15 |    24 |    99 |    93 |   151 ||   382
         Kite shield       |       |       |       |       |    57 ||    57
         Reflection        |       |       |       |       |     7 ||     7
